Pittsburgh Penguins vs Anaheim Ducks
Created - Thursday, June 20, 2024 at 06:55
Goals
|
| Pittsburgh Penguins |
0 |
0 |
1 |
1 |
| Anaheim Ducks |
1 |
1 |
1 |
3 |
|
Shots
|
| Pittsburgh Penguins |
13 |
5 |
10 |
28 |
| Anaheim Ducks |
22 |
10 |
10 |
42 |
|
1st period
1. Anaheim Ducks , Chandler Stephenson 4 (Brayden Schenn 5, Ivan Provorov 1) at 15:56
Penalties :
Pavel Buchnevich (PIT) for Tripping (Minor) at 0:13
2nd period
2. Anaheim Ducks , Joshua Morrissey 3 (Morgan Rielly 4) at 5:15 (PP)
Penalties :
Erik Karlsson (PIT) for Interference (Minor) at 2:12, Erik Karlsson (PIT) for Roughing (Minor) at 5:03, J.T. Compher (ANA) for Cross-checking (Minor) at 6:41, Ryan Suter (PIT) for Boarding (Minor) at 15:14
3rd period
3. Anaheim Ducks , Chandler Stephenson 5 (Max Domi 7, Brayden Schenn 6) at 2:34 (PP)
4. Pittsburgh Penguins , Leon Draisaitl 6 (Erik Gudbranson 1, Mitchell Marner 4) at 17:46
Penalties :
Mattias Ekholm (PIT) for Cross-checking (Minor) at 2:07
Goalie Stats
Akira Schmid (PIT), 39 saves from 42 shots - (0.929), L, 7-5-1, 60:00 minutes
Linus Ullmark (ANA), 27 saves from 28 shots - (0.964), W, 7-1-3, 60:00 minutes
Players Stats for Pittsburgh Penguins
Player Name G A P +/- PIM S H SB GA TA FO MP PP MP PK MP
------------------------------------------------------------------------------------
Anders Lee 0 0 0 -1 0 2 3 0 1 0 0/0 17:04 1:39 0:00
Brian Dumoulin 0 0 0 0 0 1 0 1 0 1 0/0 22:08 0:47 3:32
Colton Sissons 0 0 0 0 0 0 0 0 0 0 2/3 6:41 0:00 0:00
Erik Gudbranson 0 1 1 0 0 0 1 1 0 0 0/0 17:07 0:00 0:59
Erik Karlsson 0 0 0 0 4 1 1 1 1 0 0/0 20:53 1:12 2:10
Gabriel Vilardi 0 0 0 0 0 1 0 0 0 0 0/0 7:01 0:00 0:00
J.J. Moser 0 0 0 0 0 0 0 0 0 1 0/0 17:15 0:00 1:07
Jean-Gabriel Pageau 0 0 0 -1 0 2 0 1 0 0 8/12 17:04 1:39 0:00
Jordan Eberle 0 0 0 0 0 2 0 0 1 0 0/0 16:18 0:00 0:00
Leon Draisaitl 1 0 1 1 0 6 1 0 1 0 12/24 20:09 0:20 3:12
Mattias Ekholm 0 0 0 0 2 2 2 1 0 0 0/0 21:30 1:12 2:51
Mitchell Marner 0 1 1 1 0 4 1 0 1 0 0/1 20:09 0:20 3:12
Pavel Buchnevich 0 0 0 1 2 0 3 0 0 0 0/0 19:33 0:20 2:26
Phillip Danault 0 0 0 0 0 1 1 1 3 0 7/15 13:29 0:00 0:58
Ryan Johansen 0 0 0 0 0 1 0 0 0 0 1/1 12:06 0:00 0:00
Ryan Suter 0 0 0 0 2 0 0 0 0 0 0/0 21:19 0:47 2:33
Sam Reinhart 0 0 0 -1 0 5 1 0 0 0 3/7 20:44 1:39 3:24
Tom Wilson 0 0 0 0 0 0 1 0 0 0 0/0 2:49 0:00 0:00
Players Stats for Anaheim Ducks
Player Name G A P +/- PIM S H SB GA TA FO MP PP MP PK MP
------------------------------------------------------------------------------------
Alex Killorn 0 0 0 0 0 5 1 2 0 0 0/0 13:56 0:16 0:52
Brayden Schenn 0 2 2 0 0 1 1 0 0 0 0/1 17:01 2:18 1:07
Brenden Dillon 0 0 0 1 0 0 1 1 0 1 0/0 16:25 0:00 0:58
Calle Jarnkrok 0 0 0 0 0 2 0 0 0 0 0/0 9:34 0:16 0:00
Chandler Stephenson 2 0 2 0 0 8 1 0 0 1 8/17 16:57 2:18 0:52
Esa Lindell 0 0 0 -1 0 0 0 0 0 0 0/0 21:41 2:28 0:58
Ivan Provorov 0 1 1 1 0 1 0 0 0 0 0/0 16:24 0:00 1:01
J.T. Compher 0 0 0 0 2 2 1 1 0 0 2/7 10:43 0:16 0:00
Jakob Chychrun 0 0 0 0 0 1 0 0 0 0 0/0 20:34 2:28 0:00
John Tavares 0 0 0 0 0 4 1 0 0 1 14/27 19:45 4:02 0:00
Joshua Morrissey 1 0 1 -1 0 3 3 3 0 0 0/0 22:00 4:08 0:00
Mark Scheifele 0 0 0 0 0 5 2 0 0 0 2/3 19:46 4:02 0:00
Mason Marchment 0 0 0 0 0 1 0 0 0 0 0/0 9:18 0:00 0:00
Max Domi 0 1 1 0 0 0 0 0 0 0 0/0 15:54 2:18 0:00
Morgan Rielly 0 1 1 0 0 2 1 0 0 2 0/0 22:56 4:08 1:01
Nazem Kadri 0 0 0 0 0 1 1 0 0 1 4/8 12:07 0:00 0:00
Teuvo Teravainen 0 0 0 0 0 3 0 0 1 1 0/0 13:14 0:00 1:07
William Nylander 0 0 0 0 0 3 3 3 1 1 0/0 19:45 4:02 0:00
3 Stars
1 - Chandler Stephenson (ANA)
2 - Linus Ullmark (ANA)
3 - Joshua Morrissey (ANA)
Power Play
Pittsburgh Penguins - 0 on 1 Attempt(s) - 0.00%
Anaheim Ducks - 2 on 5 Attempt(s) - 40.00%
Penalty Kill
Pittsburgh Penguins - 3 on 5 Attempt(s) - 60.00%
- Score 0 goal in Penalty Kill
Anaheim Ducks - 1 on 1 Attempt(s) - 100.00%
- Score 0 goal in Penalty Kill
Team Stat
Pittsburgh Penguins - Hits : 15 - Faceoff Wins : 33 - Blocked Shots : 6 - Penalty Minutes : 10
Anaheim Ducks - Hits : 16 - Faceoff Wins : 30 - Blocked Shots : 10 - Penalty Minutes : 2
Official
Referees : Eric Furlatt and Greg Kimmerly
Linesman : Brandon Gawryletz and Michel Cormier
Game Notes
13:13 of 1st period - Anaheim Ducks goal is going for a video replay. After video review, No Goal. The puck has been kicked using a distinct kicking motion.
Finance
Level 1 -- Attendance: 5816 (96.93%) -- Ticket Income $581,600
Level 2 -- Attendance: 4731 (94.62%) -- Ticket Income $283,860
Level 3 -- Attendance: 2477 (82.57%) -- Ticket Income $113,942
Level 4 -- Attendance: 4983 (99.66%) -- Ticket Income $124,575
Luxury Box -- Attendance: 981 (98.10%) -- Ticket Income $196,200
Game was played at the Honda Center.
Total Attendance: 18988 (94.94%)
Total Ticket Income: $1,300,177
Other Income: $455,062
Total Income: $1,755,239
Pittsburgh Penguins
5 vs 5 Forward
Center Left Wing Right Wing Time % Phy DF OF
1 Leon Draisaitl Pavel Buchnevich Mitchell Marner 30 1 2 2
2 Jean-Gabriel Pageau Anders Lee Sam Reinhart 30 1 2 2
3 Phillip Danault Jordan Eberle Ryan Johansen 25 1 2 2
4 Colton Sissons Gabriel Vilardi Jordan Eberle 15 1 2 2
5 vs 5 Defense
Defense Defense Time % Phy DF OF
1 Erik Karlsson Mattias Ekholm 35 1 2 2
2 Ryan Suter Brian Dumoulin 35 1 2 2
3 Erik Gudbranson J.J. Moser 30 1 2 2
4 Erik Karlsson Mattias Ekholm 0 1 2 2
PowerPlay Forward
Center Left Wing Right Wing Time % Phy DF OF
1 Leon Draisaitl Pavel Buchnevich Mitchell Marner 50 1 2 2
2 Jean-Gabriel Pageau Anders Lee Sam Reinhart 50 1 2 2
PowerPlay Defense
Defense Defense Time % Phy DF OF
1 Erik Karlsson Mattias Ekholm 50 1 2 2
2 Ryan Suter Brian Dumoulin 50 1 2 2
Penalty Kill 4 Players Forward
Center Wing Time % Phy DF OF
1 Leon Draisaitl Mitchell Marner 50 1 2 2
2 Sam Reinhart Pavel Buchnevich 50 1 2 2
Penalty Kill 4 Players Defense
Defense Defense Time % Phy DF OF
1 Erik Karlsson Mattias Ekholm 50 1 2 2
2 Ryan Suter Brian Dumoulin 50 1 2 2
Penalty Kill - 3 Players Forward
Forward Time % Phy DF OF
1 Leon Draisaitl 50 1 2 2
2 Mitchell Marner 50 1 2 2
Penalty Kill - 3 Players Defense
Defense Defense Time % Phy DF OF
1 Erik Karlsson Mattias Ekholm 50 1 2 2
2 Ryan Suter Brian Dumoulin 50 1 2 2
4 vs 4 Forward
Center Wing Time % Phy DF OF
1 Leon Draisaitl Mitchell Marner 50 1 2 2
2 Sam Reinhart Pavel Buchnevich 50 1 2 2
4 vs 4 Defense
Defense Defense Time % Phy DF OF
1 Erik Karlsson Mattias Ekholm 50 1 2 2
2 Ryan Suter Brian Dumoulin 50 1 2 2
Last Minutes Offensive
Center Left Wing Right Wing Defense Defense
Leon Draisaitl Pavel Buchnevich Mitchell Marner Erik Karlsson Mattias Ekholm
Last Minutes Defensive
Center Left Wing Right Wing Defense Defense
Leon Draisaitl Pavel Buchnevich Mitchell Marner Erik Karlsson Mattias Ekholm
Goaltenders
Starting : Akira Schmid
Backup : Marc-Andre Fleury
Extra Forwards
Normal : Tom Wilson, Gabriel Vilardi, Phillip Danault - PP : Tom Wilson, Gabriel Vilardi - PK : Phillip Danault
Extra Defensemen
Normal : Erik Gudbranson, J.J. Moser, Ryan Suter - PP : Erik Gudbranson - PK : J.J. Moser, Ryan Suter
Penalty Shots
Leon Draisaitl, Mitchell Marner, Sam Reinhart, Pavel Buchnevich, Jean-Gabriel Pageau
Anaheim Ducks
5 vs 5 Forward
Center Left Wing Right Wing Time % Phy DF OF
1 John Tavares William Nylander Mark Scheifele 38 1 2 2
2 Chandler Stephenson Max Domi Brayden Schenn 32 1 2 2
3 Nazem Kadri Teuvo Teravainen Alex Killorn 25 1 2 2
4 J.T. Compher Calle Jarnkrok Mason Marchment 5 1 2 2
5 vs 5 Defense
Defense Defense Time % Phy DF OF
1 Esa Lindell Joshua Morrissey 35 1 2 2
2 Morgan Rielly Jakob Chychrun 35 1 2 2
3 Brenden Dillon Ivan Provorov 30 1 2 2
4 Esa Lindell Joshua Morrissey 0 1 2 2
PowerPlay Forward
Center Left Wing Right Wing Time % Phy DF OF
1 John Tavares William Nylander Mark Scheifele 60 1 0 4
2 Chandler Stephenson Max Domi Brayden Schenn 40 0 1 4
PowerPlay Defense
Defense Defense Time % Phy DF OF
1 Morgan Rielly Joshua Morrissey 60 1 2 2
2 Jakob Chychrun Esa Lindell 40 1 2 2
Penalty Kill 4 Players Forward
Center Wing Time % Phy DF OF
1 Chandler Stephenson Alex Killorn 55 1 3 1
2 J.T. Compher Teuvo Teravainen 45 1 3 1
Penalty Kill 4 Players Defense
Defense Defense Time % Phy DF OF
1 Esa Lindell Brenden Dillon 50 1 3 1
2 Morgan Rielly Ivan Provorov 50 1 3 1
Penalty Kill - 3 Players Forward
Forward Time % Phy DF OF
1 Alex Killorn 50 1 4 0
2 Chandler Stephenson 50 1 4 0
Penalty Kill - 3 Players Defense
Defense Defense Time % Phy DF OF
1 Esa Lindell Ivan Provorov 50 1 4 0
2 Morgan Rielly Brenden Dillon 50 1 4 0
4 vs 4 Forward
Center Wing Time % Phy DF OF
1 John Tavares William Nylander 60 1 2 2
2 Chandler Stephenson Mark Scheifele 40 1 2 2
4 vs 4 Defense
Defense Defense Time % Phy DF OF
1 Esa Lindell Morgan Rielly 50 1 2 2
2 Ivan Provorov Joshua Morrissey 50 1 2 2
Last Minutes Offensive
Center Left Wing Right Wing Defense Defense
John Tavares William Nylander Mark Scheifele Joshua Morrissey Morgan Rielly
Last Minutes Defensive
Center Left Wing Right Wing Defense Defense
Chandler Stephenson Alex Killorn J.T. Compher Ivan Provorov Esa Lindell
Goaltenders
Starting : Linus Ullmark
Backup : James Reimer
Extra Forwards
Normal : William Nylander, Max Domi, John Tavares - PP : William Nylander, Max Domi - PK : Alex Killorn
Extra Defensemen
Normal : Morgan Rielly, Brenden Dillon, Esa Lindell - PP : Joshua Morrissey - PK : Esa Lindell, Ivan Provorov
Penalty Shots
Brenden Dillon, Teuvo Teravainen, Mark Scheifele, Calle Jarnkrok, Alex Killorn
% Time on Ice - Pittsburgh Penguins
Lines # - Real PCT - Wanted PCT - Time Play
Normal Forward
1 - 33% - 30% - 16:57
2 - 31% - 30% - 15:41
3 - 24% - 25% - 12:06
4 - 13% - 15% - 6:41
Normal Defense
1 - 34% - 35% - 17:33
2 - 35% - 35% - 17:49
3 - 31% - 30% - 16:03
4 - 0% - 0% - 0:00
PP Forward
1 - 17% - 50% - 0:20
2 - 83% - 50% - 1:39
PP Defense
1 - 61% - 50% - 1:12
2 - 39% - 50% - 0:47
PK Forward
1 - 48% - 50% - 3:12
2 - 52% - 50% - 3:24
PK Defense
1 - 46% - 50% - 3:04
2 - 54% - 50% - 3:32
PK3 Forward
1 - 0% - 50%
2 - 0% - 50%
PK3 Defense
1 - 0% - 50%
2 - 0% - 50%
44 Forward
1 - 0% - 50%
2 - 0% - 50%
44 Defense
1 - 0% - 50%
2 - 0% - 50%
Last Minute Offensive - 0:00
Last Minute Defensive - 0:00
Total
Forward - 60:00
Defense - 60:00
|
% Time on Ice - Anaheim Ducks
Lines # - Real PCT - Wanted PCT - Time Play
Normal Forward
1 - 34% - 38% - 17:14
2 - 25% - 32% - 12:46
3 - 24% - 25% - 12:07
4 - 18% - 5% - 9:18
Normal Defense
1 - 35% - 35% - 17:56
2 - 35% - 35% - 18:06
3 - 30% - 30% - 15:23
4 - 0% - 0% - 0:00
PP Forward
1 - 65% - 60% - 4:18
2 - 35% - 40% - 2:18
PP Defense
1 - 63% - 60% - 4:08
2 - 37% - 40% - 2:28
PK Forward
1 - 44% - 55% - 0:52
2 - 56% - 45% - 1:07
PK Defense
1 - 49% - 50% - 0:58
2 - 51% - 50% - 1:01
PK3 Forward
1 - 0% - 50%
2 - 0% - 50%
PK3 Defense
1 - 0% - 50%
2 - 0% - 50%
44 Forward
1 - 0% - 60%
2 - 0% - 40%
44 Defense
1 - 0% - 50%
2 - 0% - 50%
Last Minute Offensive - 0:00
Last Minute Defensive - 0:00
Total
Forward - 60:00
Defense - 60:00
|
Play-by-Play
1st period
0:01 of 1st period - John Tavares wins face-off versus Leon Draisaitl in neutral zone.
0:08 of 1st period - Slapshot by William Nylander.
0:08 of 1st period - Stopped by Akira Schmid with a rebound.
0:13 of 1st period - Minor Penalty to Pavel Buchnevich for Tripping.
0:14 of 1st period - Leon Draisaitl wins face-off versus John Tavares in Pittsburgh Penguins zone.
0:40 of 1st period - Chandler Stephenson is hit by Erik Karlsson and loses puck.
0:47 of 1st period - Snap shot by Leon Draisaitl.
0:47 of 1st period - Stopped by Linus Ullmark without a rebound.
0:48 of 1st period - Leon Draisaitl wins face-off versus John Tavares in Anaheim Ducks zone.
0:49 of 1st period - Snap shot by Mitchell Marner.
0:49 of 1st period - Stopped by Linus Ullmark with a rebound.
0:51 of 1st period - Snap shot by Brian Dumoulin.
0:51 of 1st period - Stopped by Linus Ullmark without a rebound.
0:52 of 1st period - John Tavares wins face-off versus Leon Draisaitl in Anaheim Ducks zone.
1:17 of 1st period - Icing by Mark Scheifele.
1:18 of 1st period - Mark Scheifele wins face-off versus Sam Reinhart in Anaheim Ducks zone.
1:18 of 1st period - Mark Scheifele is hit by Mattias Ekholm.
1:23 of 1st period - Off-side.
1:24 of 1st period - Sam Reinhart wins face-off versus Chandler Stephenson in neutral zone.
2:05 of 1st period - Wrist shot by John Tavares.
2:05 of 1st period - Stopped by Akira Schmid with a rebound.
2:13 of 1st period - Penalty to Pavel Buchnevich is over, Pavel Buchnevich is back on ice.
2:25 of 1st period - Slapshot by Jordan Eberle.
2:25 of 1st period - Stopped by Linus Ullmark with a rebound.
2:27 of 1st period - Snap shot by Colton Sissons.
2:27 of 1st period - Shot Misses the Net.
3:51 of 1st period - Wrist shot by Pavel Buchnevich.
3:51 of 1st period - Deflect By Leon Draisaitl.
3:51 of 1st period - Stopped by Linus Ullmark with a rebound.
4:07 of 1st period - Alex Killorn is hit by Anders Lee.
4:11 of 1st period - Jean-Gabriel Pageau is hit by Nazem Kadri and loses puck.
4:33 of 1st period - Off-side.
4:34 of 1st period - Leon Draisaitl wins face-off versus J.T. Compher in neutral zone.
4:41 of 1st period - Wrist shot by Mitchell Marner.
4:41 of 1st period - Stopped by Linus Ullmark with a rebound.
5:05 of 1st period - Wrist shot by Sam Reinhart.
5:05 of 1st period - Stopped by Linus Ullmark with a rebound.
6:30 of 1st period - Pavel Buchnevich is hit by Mark Scheifele and loses puck.
6:35 of 1st period - Wrist shot by John Tavares.
6:35 of 1st period - Stopped by Akira Schmid with a rebound.
7:32 of 1st period - Brian Dumoulin is hit by Joshua Morrissey and loses puck.
7:41 of 1st period - Snap shot by John Tavares.
7:41 of 1st period - Stopped by Akira Schmid with a rebound.
7:51 of 1st period - Slapshot by Gabriel Vilardi.
7:51 of 1st period - Stopped by Linus Ullmark without a rebound.
7:52 of 1st period - Jean-Gabriel Pageau wins face-off versus J.T. Compher in Anaheim Ducks zone.
7:53 of 1st period - Slapshot by Sam Reinhart.
7:53 of 1st period - Shot Blocked by Brenden Dillon.
8:01 of 1st period - Slapshot by Sam Reinhart.
8:01 of 1st period - Shot Misses the Net.
8:25 of 1st period - Chandler Stephenson is hit by Leon Draisaitl and loses puck.
8:32 of 1st period - Wrist shot by Mitchell Marner.
8:32 of 1st period - Shot Hit the Post.
8:54 of 1st period - Morgan Rielly is hit by Tom Wilson and loses puck.
9:09 of 1st period - Snap shot by Alex Killorn.
9:09 of 1st period - Shot Blocked by Jean-Gabriel Pageau.
9:11 of 1st period - Slapshot by Morgan Rielly.
9:11 of 1st period - Stopped by Akira Schmid with a rebound.
9:13 of 1st period - Snap shot by Morgan Rielly.
9:13 of 1st period - Stopped by Akira Schmid with a rebound.
9:15 of 1st period - Snap shot by Alex Killorn.
9:15 of 1st period - Stopped by Akira Schmid with a rebound.
9:47 of 1st period - Jean-Gabriel Pageau is hit by Brayden Schenn.
10:23 of 1st period - Snap shot by Sam Reinhart.
10:23 of 1st period - Shot Blocked by Alex Killorn.
10:33 of 1st period - Backhand shot by Anders Lee.
10:33 of 1st period - Stopped by Linus Ullmark with a rebound.
11:19 of 1st period - Snap shot by Leon Draisaitl.
11:19 of 1st period - Stopped by Linus Ullmark without a rebound.
11:20 of 1st period - Leon Draisaitl wins face-off versus John Tavares in Anaheim Ducks zone.
11:43 of 1st period - Slapshot by Mark Scheifele.
11:43 of 1st period - Stopped by Akira Schmid without a rebound.
11:44 of 1st period - Phillip Danault wins face-off versus Chandler Stephenson in Pittsburgh Penguins zone.
11:51 of 1st period - Max Domi is hit by Phillip Danault.
11:55 of 1st period - Wrist shot by Brayden Schenn.
11:55 of 1st period - Shot Blocked by Mattias Ekholm.
11:57 of 1st period - Wrist shot by Chandler Stephenson.
11:57 of 1st period - Shot Blocked by Erik Karlsson.
11:59 of 1st period - Snap shot by Chandler Stephenson.
11:59 of 1st period - Stopped by Akira Schmid without a rebound.
12:00 of 1st period - Leon Draisaitl wins face-off versus John Tavares in Pittsburgh Penguins zone.
12:07 of 1st period - Snap shot by William Nylander.
12:07 of 1st period - Shot Misses the Net.
12:24 of 1st period - Icing by Erik Gudbranson.
12:25 of 1st period - Chandler Stephenson wins face-off versus Phillip Danault in Pittsburgh Penguins zone.
13:01 of 1st period - Wrist shot by Mark Scheifele.
13:01 of 1st period - Stopped by Akira Schmid without a rebound.
13:02 of 1st period - Phillip Danault wins face-off versus Nazem Kadri in Pittsburgh Penguins zone.
13:05 of 1st period - Wrist shot by Nazem Kadri.
13:05 of 1st period - Stopped by Akira Schmid with a rebound.
13:07 of 1st period - Slapshot by Esa Lindell.
13:07 of 1st period - Shot Misses the Net.
13:09 of 1st period - Wrist shot by Nazem Kadri.
13:09 of 1st period - Shot Blocked by Phillip Danault.
13:11 of 1st period - Slapshot by Esa Lindell.
13:11 of 1st period - Shot Misses the Net.
13:13 of 1st period - Wrist shot by Alex Killorn.
13:13 of 1st period - Anaheim Ducks goal is going for a video replay.
13:13 of 1st period - The goal is refused. The puck has been kicked using a distinct kicking motion..
13:14 of 1st period - Phillip Danault wins face-off versus Mark Scheifele in Pittsburgh Penguins zone.
13:52 of 1st period - Snap shot by Pavel Buchnevich.
13:52 of 1st period - Shot Misses the Net.
14:06 of 1st period - Erik Gudbranson is hit by Joshua Morrissey and loses puck.
15:24 of 1st period - Snap shot by Jean-Gabriel Pageau.
15:24 of 1st period - Stopped by Linus Ullmark without a rebound.
15:25 of 1st period - Jean-Gabriel Pageau wins face-off versus Nazem Kadri in Anaheim Ducks zone.
15:50 of 1st period - Wrist shot by Chandler Stephenson.
15:50 of 1st period - Stopped by Akira Schmid with a rebound.
15:52 of 1st period - Slapshot by Ivan Provorov.
15:52 of 1st period - Stopped by Akira Schmid with a rebound.
15:54 of 1st period - Wrist shot by Brayden Schenn.
15:54 of 1st period - Shot Blocked by Erik Gudbranson.
15:56 of 1st period - Snap shot by Chandler Stephenson.
15:56 of 1st period - Goal by Chandler Stephenson - Pittsburgh Penguins : 0 - Anaheim Ducks : 1.
15:57 of 1st period - John Tavares wins face-off versus Phillip Danault in neutral zone.
16:08 of 1st period - Snap shot by William Nylander.
16:08 of 1st period - Shot Blocked by Brian Dumoulin.
16:10 of 1st period - Slapshot by William Nylander.
16:10 of 1st period - Shot Misses the Net.
16:30 of 1st period - Slapshot by Chandler Stephenson.
16:30 of 1st period - Stopped by Akira Schmid without a rebound.
16:31 of 1st period - Nazem Kadri wins face-off versus Leon Draisaitl in Pittsburgh Penguins zone.
16:34 of 1st period - Wrist shot by Alex Killorn.
16:34 of 1st period - Stopped by Akira Schmid without a rebound.
16:35 of 1st period - Nazem Kadri wins face-off versus Mitchell Marner in Pittsburgh Penguins zone.
16:36 of 1st period - Snap shot by Alex Killorn.
16:36 of 1st period - Stopped by Akira Schmid with a rebound.
16:38 of 1st period - Slapshot by Teuvo Teravainen.
16:38 of 1st period - Stopped by Akira Schmid without a rebound.
16:39 of 1st period - Nazem Kadri wins face-off versus Leon Draisaitl in Pittsburgh Penguins zone.
16:52 of 1st period - Wrist shot by Teuvo Teravainen.
16:52 of 1st period - Stopped by Akira Schmid with a rebound.
16:54 of 1st period - Wrist shot by Teuvo Teravainen.
16:54 of 1st period - Stopped by Akira Schmid with a rebound.
18:00 of 1st period - Slapshot by Alex Killorn.
18:00 of 1st period - Stopped by Akira Schmid with a rebound.
18:02 of 1st period - Wrist shot by Teuvo Teravainen.
18:02 of 1st period - Shot Misses the Net.
18:09 of 1st period - Icing by Brian Dumoulin.
18:10 of 1st period - Colton Sissons wins face-off versus J.T. Compher in Pittsburgh Penguins zone.
18:58 of 1st period - Slapshot by Mitchell Marner.
18:58 of 1st period - Deflect By Pavel Buchnevich.
18:58 of 1st period - Shot Blocked by Joshua Morrissey.
18:58 of 1st period - Puck is out of play.
18:59 of 1st period - Leon Draisaitl wins face-off versus Chandler Stephenson in Anaheim Ducks zone.
19:00 of 1st period - Snap shot by Mitchell Marner.
19:00 of 1st period - Stopped by Linus Ullmark without a rebound.
19:01 of 1st period - Chandler Stephenson wins face-off versus Leon Draisaitl in Anaheim Ducks zone.
19:12 of 1st period - Snap shot by Mitchell Marner.
19:12 of 1st period - Shot Misses the Net.
19:14 of 1st period - Wrist shot by Mitchell Marner.
19:14 of 1st period - Stopped by Linus Ullmark without a rebound.
19:15 of 1st period - John Tavares wins face-off versus Phillip Danault in Anaheim Ducks zone.
19:41 of 1st period - Icing by William Nylander.
19:42 of 1st period - Chandler Stephenson wins face-off versus Leon Draisaitl in Anaheim Ducks zone.
19:42 of 1st period - Chandler Stephenson is hit by Pavel Buchnevich.
Goals for this period are 0 for Pittsburgh Penguins vs 1 for Anaheim Ducks.
Shots for this period are 13 for Pittsburgh Penguins vs 22 for Anaheim Ducks.
2nd period
0:01 of 2nd period - Phillip Danault wins face-off versus John Tavares in neutral zone.
0:03 of 2nd period - Off-side.
0:04 of 2nd period - John Tavares wins face-off versus Phillip Danault in neutral zone.
1:59 of 2nd period - Alex Killorn is hit by Anders Lee and loses puck.
2:12 of 2nd period - Minor Penalty to Erik Karlsson for Interference.
2:13 of 2nd period - John Tavares wins face-off versus Sam Reinhart in Pittsburgh Penguins zone.
2:15 of 2nd period - Wrist shot by William Nylander.
2:15 of 2nd period - Shot Misses the Net.
2:17 of 2nd period - Wrist shot by William Nylander.
2:17 of 2nd period - Stopped by Akira Schmid without a rebound.
2:18 of 2nd period - Sam Reinhart wins face-off versus John Tavares in Pittsburgh Penguins zone.
2:27 of 2nd period - Brian Dumoulin is hit by William Nylander and loses puck.
4:12 of 2nd period - Penalty to Erik Karlsson is over, Erik Karlsson is back on ice.
5:03 of 2nd period - Minor Penalty to Erik Karlsson for Roughing.
5:04 of 2nd period - Leon Draisaitl wins face-off versus John Tavares in Pittsburgh Penguins zone.
5:09 of 2nd period - Snap shot by Leon Draisaitl.
5:09 of 2nd period - Stopped by Linus Ullmark with a rebound.
5:15 of 2nd period - Wrist shot by Joshua Morrissey.
5:15 of 2nd period - Goal by Joshua Morrissey - Pittsburgh Penguins : 0 - Anaheim Ducks : 2.
5:16 of 2nd period - Mark Scheifele wins face-off versus Leon Draisaitl in neutral zone.
6:31 of 2nd period - Icing by Erik Gudbranson.
6:32 of 2nd period - Leon Draisaitl wins face-off versus J.T. Compher in Pittsburgh Penguins zone.
6:32 of 2nd period - Leon Draisaitl is hit by Joshua Morrissey.
6:41 of 2nd period - Minor Penalty to J.T. Compher for Cross-checking.
6:42 of 2nd period - Leon Draisaitl wins face-off versus Chandler Stephenson in Anaheim Ducks zone.
7:10 of 2nd period - Icing by Anders Lee.
7:11 of 2nd period - Jean-Gabriel Pageau wins face-off versus Brayden Schenn in Pittsburgh Penguins zone.
8:18 of 2nd period - Brenden Dillon is hit by Sam Reinhart and loses puck.
8:41 of 2nd period - Penalty to J.T. Compher is over, J.T. Compher is back on ice.
8:58 of 2nd period - Snap shot by Jean-Gabriel Pageau.
8:58 of 2nd period - Shot Misses the Net.
9:00 of 2nd period - Snap shot by Sam Reinhart.
9:00 of 2nd period - Stopped by Linus Ullmark with a rebound.
9:02 of 2nd period - Snap shot by J.J. Moser.
9:02 of 2nd period - Shot Blocked by Alex Killorn.
9:04 of 2nd period - Slapshot by Erik Gudbranson.
9:04 of 2nd period - Shot Blocked by J.T. Compher.
9:41 of 2nd period - Off-side.
9:42 of 2nd period - Leon Draisaitl wins face-off versus John Tavares in neutral zone.
9:47 of 2nd period - Slapshot by Leon Draisaitl.
9:47 of 2nd period - Shot Misses the Net.
9:49 of 2nd period - Slapshot by Mattias Ekholm.
9:49 of 2nd period - Deflect By Mark Scheifele.
9:49 of 2nd period - Stopped by Linus Ullmark with a rebound.
11:22 of 2nd period - Mason Marchment is hit by Pavel Buchnevich and loses puck.
12:09 of 2nd period - Wrist shot by Max Domi.
12:09 of 2nd period - Shot Misses the Net.
12:12 of 2nd period - Icing by Erik Karlsson.
12:13 of 2nd period - Ryan Johansen wins face-off versus John Tavares in Pittsburgh Penguins zone.
13:14 of 2nd period - Icing by Colton Sissons.
13:15 of 2nd period - Colton Sissons wins face-off versus Nazem Kadri in Pittsburgh Penguins zone.
13:47 of 2nd period - Off-side.
13:48 of 2nd period - Chandler Stephenson wins face-off versus Jean-Gabriel Pageau in neutral zone.
14:01 of 2nd period - Snap shot by Anders Lee.
14:01 of 2nd period - Deflect By Sam Reinhart.
14:01 of 2nd period - Shot Misses the Net.
14:01 of 2nd period - Puck is out of play.
14:02 of 2nd period - Jean-Gabriel Pageau wins face-off versus Chandler Stephenson in Anaheim Ducks zone.
14:03 of 2nd period - Snap shot by Sam Reinhart.
14:03 of 2nd period - Stopped by Linus Ullmark with a rebound.
14:56 of 2nd period - Wrist shot by Chandler Stephenson.
14:56 of 2nd period - Stopped by Akira Schmid with a rebound.
14:58 of 2nd period - Wrist shot by Chandler Stephenson.
14:58 of 2nd period - Shot Misses the Net.
15:06 of 2nd period - Snap shot by Chandler Stephenson.
15:06 of 2nd period - Stopped by Akira Schmid with a rebound.
15:08 of 2nd period - Wrist shot by Brayden Schenn.
15:08 of 2nd period - Shot Misses the Net.
15:10 of 2nd period - Wrist shot by Chandler Stephenson.
15:10 of 2nd period - Stopped by Akira Schmid without a rebound.
15:11 of 2nd period - John Tavares wins face-off versus Jean-Gabriel Pageau in Pittsburgh Penguins zone.
15:12 of 2nd period - Snap shot by William Nylander.
15:12 of 2nd period - Shot Misses the Net.
15:14 of 2nd period - Minor Penalty to Ryan Suter for Boarding.
15:15 of 2nd period - John Tavares wins face-off versus Sam Reinhart in Pittsburgh Penguins zone.
15:22 of 2nd period - Backhand shot by John Tavares.
15:22 of 2nd period - Stopped by Akira Schmid with a rebound.
16:56 of 2nd period - Icing by Alex Killorn.
16:57 of 2nd period - Leon Draisaitl wins face-off versus J.T. Compher in Anaheim Ducks zone.
17:14 of 2nd period - Penalty to Ryan Suter is over, Ryan Suter is back on ice.
17:24 of 2nd period - Snap shot by J.T. Compher.
17:24 of 2nd period - Stopped by Akira Schmid without a rebound.
17:25 of 2nd period - J.T. Compher wins face-off versus Phillip Danault in Pittsburgh Penguins zone.
17:36 of 2nd period - Wrist shot by Mason Marchment.
17:36 of 2nd period - Stopped by Akira Schmid without a rebound.
17:37 of 2nd period - John Tavares wins face-off versus Phillip Danault in Pittsburgh Penguins zone.
18:18 of 2nd period - Snap shot by Brayden Schenn.
18:18 of 2nd period - Stopped by Akira Schmid with a rebound.
18:44 of 2nd period - Snap shot by Sam Reinhart.
18:44 of 2nd period - Stopped by Linus Ullmark without a rebound.
18:45 of 2nd period - John Tavares wins face-off versus Leon Draisaitl in Anaheim Ducks zone.
18:58 of 2nd period - Snap shot by Mark Scheifele.
18:58 of 2nd period - Stopped by Akira Schmid with a rebound.
Goals for this period are 0 for Pittsburgh Penguins vs 1 for Anaheim Ducks.
Shots for this period are 5 for Pittsburgh Penguins vs 10 for Anaheim Ducks.
3rd period
0:01 of 3rd period - Jean-Gabriel Pageau wins face-off versus John Tavares in neutral zone.
0:06 of 3rd period - Wrist shot by William Nylander.
0:06 of 3rd period - Shot Misses the Net.
0:08 of 3rd period - Slapshot by Mark Scheifele.
0:08 of 3rd period - Stopped by Akira Schmid without a rebound.
0:09 of 3rd period - Jean-Gabriel Pageau wins face-off versus John Tavares in Pittsburgh Penguins zone.
0:44 of 3rd period - Snap shot by Mark Scheifele.
0:44 of 3rd period - Stopped by Akira Schmid with a rebound.
0:46 of 3rd period - Slapshot by Jakob Chychrun.
0:46 of 3rd period - Stopped by Akira Schmid with a rebound.
0:48 of 3rd period - Wrist shot by William Nylander.
0:48 of 3rd period - Stopped by Akira Schmid without a rebound.
0:49 of 3rd period - Chandler Stephenson wins face-off versus Leon Draisaitl in Pittsburgh Penguins zone.
2:02 of 3rd period - Wrist shot by Leon Draisaitl.
2:02 of 3rd period - Shot Blocked by William Nylander.
2:07 of 3rd period - Minor Penalty to Mattias Ekholm for Cross-checking.
2:08 of 3rd period - Sam Reinhart wins face-off versus John Tavares in Pittsburgh Penguins zone.
2:11 of 3rd period - Off-side.
2:12 of 3rd period - John Tavares wins face-off versus Sam Reinhart in neutral zone.
2:15 of 3rd period - Ryan Suter is hit by William Nylander and loses puck.
2:26 of 3rd period - Snap shot by Mark Scheifele.
2:26 of 3rd period - Shot Misses the Net.
2:28 of 3rd period - Slapshot by Joshua Morrissey.
2:28 of 3rd period - Stopped by Akira Schmid without a rebound.
2:29 of 3rd period - Chandler Stephenson wins face-off versus Leon Draisaitl in Pittsburgh Penguins zone.
2:34 of 3rd period - Snap shot by Chandler Stephenson.
2:34 of 3rd period - Goal by Chandler Stephenson - Pittsburgh Penguins : 0 - Anaheim Ducks : 3.
2:35 of 3rd period - John Tavares wins face-off versus Leon Draisaitl in neutral zone.
2:53 of 3rd period - Off-side.
2:54 of 3rd period - Chandler Stephenson wins face-off versus Jean-Gabriel Pageau in neutral zone.
3:02 of 3rd period - Slapshot by Erik Karlsson.
3:02 of 3rd period - Deflect By Anders Lee.
3:02 of 3rd period - Shot Misses the Net.
3:02 of 3rd period - Puck is out of play.
3:03 of 3rd period - Jean-Gabriel Pageau wins face-off versus Chandler Stephenson in Anaheim Ducks zone.
3:04 of 3rd period - Slapshot by Sam Reinhart.
3:04 of 3rd period - Stopped by Linus Ullmark without a rebound.
3:05 of 3rd period - Phillip Danault wins face-off versus Chandler Stephenson in Anaheim Ducks zone.
3:31 of 3rd period - Brian Dumoulin is hit by William Nylander and loses puck.
3:52 of 3rd period - Snap shot by Anders Lee.
3:52 of 3rd period - Shot Misses the Net.
3:58 of 3rd period - Ryan Suter is hit by Morgan Rielly and loses puck.
4:35 of 3rd period - Wrist shot by Jordan Eberle.
4:35 of 3rd period - Shot Misses the Net.
6:38 of 3rd period - Phillip Danault is hit by Brenden Dillon and loses puck.
7:28 of 3rd period - Erik Karlsson is hit by Mark Scheifele and loses puck.
8:14 of 3rd period - Mason Marchment is hit by Anders Lee and loses puck.
8:25 of 3rd period - Ryan Suter is hit by Chandler Stephenson and loses puck.
8:51 of 3rd period - Ryan Suter is hit by John Tavares and loses puck.
9:33 of 3rd period - Brian Dumoulin is hit by Alex Killorn and loses puck.
9:42 of 3rd period - Snap shot by Nazem Kadri.
9:42 of 3rd period - Shot Misses the Net.
10:01 of 3rd period - Esa Lindell is hit by Pavel Buchnevich and loses puck.
10:19 of 3rd period - Wrist shot by Mitchell Marner.
10:19 of 3rd period - Shot Misses the Net.
11:05 of 3rd period - Snap shot by Mitchell Marner.
11:05 of 3rd period - Shot Misses the Net.
11:07 of 3rd period - Snap shot by Leon Draisaitl.
11:07 of 3rd period - Stopped by Linus Ullmark without a rebound.
11:08 of 3rd period - John Tavares wins face-off versus Jean-Gabriel Pageau in Anaheim Ducks zone.
11:17 of 3rd period - Slapshot by William Nylander.
11:17 of 3rd period - Deflect By John Tavares.
11:17 of 3rd period - Shot Misses the Net.
11:17 of 3rd period - Puck is out of play.
11:18 of 3rd period - Jean-Gabriel Pageau wins face-off versus John Tavares in Pittsburgh Penguins zone.
12:09 of 3rd period - Wrist shot by Jean-Gabriel Pageau.
12:09 of 3rd period - Stopped by Linus Ullmark with a rebound.
12:11 of 3rd period - Wrist shot by Mattias Ekholm.
12:11 of 3rd period - Shot Blocked by William Nylander.
12:13 of 3rd period - Wrist shot by Sam Reinhart.
12:13 of 3rd period - Shot Misses the Net.
12:17 of 3rd period - Wrist shot by Sam Reinhart.
12:17 of 3rd period - Shot Misses the Net.
12:19 of 3rd period - Slapshot by Mattias Ekholm.
12:19 of 3rd period - Stopped by Linus Ullmark with a rebound.
12:41 of 3rd period - Slapshot by Jean-Gabriel Pageau.
12:41 of 3rd period - Shot Misses the Net.
12:43 of 3rd period - Wrist shot by Jean-Gabriel Pageau.
12:43 of 3rd period - Shot Blocked by William Nylander.
12:45 of 3rd period - Wrist shot by Anders Lee.
12:45 of 3rd period - Shot Misses the Net.
12:47 of 3rd period - Snap shot by Anders Lee.
12:47 of 3rd period - Stopped by Linus Ullmark without a rebound.
12:48 of 3rd period - Phillip Danault wins face-off versus Chandler Stephenson in Anaheim Ducks zone.
12:51 of 3rd period - Snap shot by Ryan Johansen.
12:51 of 3rd period - Deflect By Jordan Eberle.
12:51 of 3rd period - Stopped by Linus Ullmark with a rebound.
13:01 of 3rd period - Wrist shot by Phillip Danault.
13:01 of 3rd period - Shot Misses the Net.
13:03 of 3rd period - Wrist shot by Ryan Johansen.
13:03 of 3rd period - Stopped by Linus Ullmark without a rebound.
13:04 of 3rd period - Chandler Stephenson wins face-off versus Colton Sissons in Anaheim Ducks zone.
13:04 of 3rd period - Chandler Stephenson is hit by Erik Gudbranson.
15:43 of 3rd period - Slapshot by Joshua Morrissey.
15:43 of 3rd period - Stopped by Akira Schmid without a rebound.
15:44 of 3rd period - J.T. Compher wins face-off versus Leon Draisaitl in Pittsburgh Penguins zone.
16:09 of 3rd period - Ryan Suter is hit by J.T. Compher and loses puck.
16:30 of 3rd period - Snap shot by Calle Jarnkrok.
16:30 of 3rd period - Stopped by Akira Schmid with a rebound.
16:44 of 3rd period - Snap shot by J.T. Compher.
16:44 of 3rd period - Stopped by Akira Schmid with a rebound.
16:56 of 3rd period - Snap shot by Calle Jarnkrok.
16:56 of 3rd period - Shot Misses the Net.
16:58 of 3rd period - Slapshot by Calle Jarnkrok.
16:58 of 3rd period - Stopped by Akira Schmid without a rebound.
16:59 of 3rd period - John Tavares wins face-off versus Phillip Danault in Pittsburgh Penguins zone.
17:32 of 3rd period - Snap shot by Leon Draisaitl.
17:32 of 3rd period - Deflect By Mitchell Marner.
17:32 of 3rd period - Shot Misses the Net.
17:32 of 3rd period - Puck is out of play.
17:33 of 3rd period - Leon Draisaitl wins face-off versus Chandler Stephenson in Anaheim Ducks zone.
17:38 of 3rd period - Snap shot by Leon Draisaitl.
17:38 of 3rd period - Shot Misses the Net.
17:40 of 3rd period - Wrist shot by Mitchell Marner.
17:40 of 3rd period - Shot Misses the Net.
17:42 of 3rd period - Wrist shot by Mitchell Marner.
17:42 of 3rd period - Shot Misses the Net.
17:44 of 3rd period - Slapshot by Erik Gudbranson.
17:44 of 3rd period - Shot Blocked by Joshua Morrissey.
17:46 of 3rd period - Slapshot by Leon Draisaitl.
17:46 of 3rd period - Goal by Leon Draisaitl - Pittsburgh Penguins : 1 - Anaheim Ducks : 3.
17:47 of 3rd period - Phillip Danault wins face-off versus Nazem Kadri in neutral zone.
17:52 of 3rd period - Snap shot by Phillip Danault.
17:52 of 3rd period - Stopped by Linus Ullmark with a rebound.
17:54 of 3rd period - Slapshot by Mattias Ekholm.
17:54 of 3rd period - Shot Misses the Net.
17:56 of 3rd period - Slapshot by Mattias Ekholm.
17:56 of 3rd period - Shot Blocked by Joshua Morrissey.
18:00 of 3rd period - Slapshot by Erik Karlsson.
18:00 of 3rd period - Stopped by Linus Ullmark without a rebound.
18:01 of 3rd period - Nazem Kadri wins face-off versus Phillip Danault in Anaheim Ducks zone.
18:26 of 3rd period - Nazem Kadri is hit by Mattias Ekholm and loses puck.
19:23 of 3rd period - John Tavares is hit by Mitchell Marner and loses puck.
Goals for this period are 1 for Pittsburgh Penguins vs 1 for Anaheim Ducks.
Shots for this period are 10 for Pittsburgh Penguins vs 10 for Anaheim Ducks.
Back to the Top